AoeStats
← KDA HDT

MegaRandom

509878289Analyzed
4v4 RM · 5d ago on Sep 28, 2026· 46m 55s· 8 players
Game mode
Random Map
Map size
Large (8 player)
Population
200
Speed
Normal
Resources
Standard
Victory
Conquest
Starting age
Dark Age
Ending age
Imperial Age
RankedLock teamsTeams togetherTeam positionsShared explorationLock speedFull tech treeHidden civsTurbo modeCheats
Victory
Defeat
🇵🇰 Portuguese · Pakistan
1745
+18
🇨🇿 Slavs · Czechia
1732
+19
🇨🇭 Burmese · Switzerland
1727
+19
🇨🇳 Malay · China
1720
+18
🇺🇸 Aztecs · United States
1808
-19
🇻🇳 Celts · Vietnam
1793
-19
🇻🇳 Britons · Vietnam
1779
-18
🇻🇳 Muisca · Vietnam
1773
-18
[BÜN] Mr. Grüezi
12:12 Feudal Age
12:07 Loom
16:23 Castle Age
15:17 Fishing Lines
16:10 Horse Collar
17:09 Gillnets
20:39 Padded Archer Armor
22:00 Town Watch
22:45 Bloodlines
23:41 Ballistics
24:19 Fletching
25:03 Husbandry
26:03 Gold Mining
26:05 Stone Mining
28:04 Wheelbarrow
34:54 Imperial Age
33:15 Hand Cart
35:59 Masonry
36:51 Chemistry
36:02 Bodkin Arrow
36:32 Conscription
40:04 Bracer
40:14 Elite Arambai
42:14 Treadmill Crane
42:48 Manipur Cavalry
Velky kanec
11:27 Feudal Age
10:49 Loom
12:07 Double-Bit Axe
18:05 Castle Age
16:57 Forging
16:43 Horse Collar
17:26 Bloodlines
18:13 Gold Mining
18:13 Fishing Lines
19:25 Medium Warships
19:36 Bow Saw
20:51 Scale Barding Armor
22:48 Husbandry
24:36 Chain Barding Armor
30:04 Heavy Plow
30:33 Town Watch
31:33 Wheelbarrow
33:36 Gold Shaft Mining
36:38 Imperial Age
34:46 Hand Cart
34:55 Stone Mining
35:53 Iron Casting
37:56 Plate Barding Armor
36:43 Cavalier
40:06 Blast Furnace
39:49 Conscription
40:47 Siege Engineers
41:43 Chemistry
41:03 Ballistics
40:57 Detinets
40:20 Capped Ram
41:48 Heavy Warships
41:24 Fletching
42:35 Hoardings
43:28 Siege Ram
45:15 Two-Man Saw
44:42 Elite Boyar
47:28 Clinker Construction
47:29 Careening
Mubeen
7:42 Loom
10:23 Feudal Age
11:26 Double-Bit Axe
17:22 Forging
21:30 Castle Age
20:11 Gold Mining
20:13 Horse Collar
20:48 Bloodlines
21:19 Scale Barding Armor
23:36 Chain Barding Armor
25:49 Husbandry
31:49 Wheelbarrow
31:01 Town Watch
34:11 Iron Casting
39:23 Imperial Age
37:42 Bow Saw
39:25 Cavalier
40:45 Plate Barding Armor
42:14 Heavy Plow
43:16 Two-Man Saw
43:08 Conscription
45:47 Blast Furnace
45:12 Stone Mining
47:02 Caravan
团团团子
13:05 Loom
15:20 Feudal Age
15:38 Double-Bit Axe
17:18 Fletching
18:07 Gold Mining
18:01 Horse Collar
18:47 Padded Archer Armor
20:56 Wheelbarrow
20:08 Fishing Lines
24:25 Castle Age
23:33 Elite Skirmisher
24:09 Bodkin Arrow
24:27 Bow Saw
26:49 Ballistics
28:51 Crossbowman
34:22 Leather Archer Armor
36:37 Hand Cart
41:06 Imperial Age
39:24 Stone Mining
40:10 Gold Shaft Mining
40:36 Bracer
41:37 Chemistry
41:01 Arbalester
42:16 Conscription
42:45 Thumb Ring
42:23 Treadmill Crane
43:36 Forging
44:45 Iron Casting
44:41 Ring Archer Armor
44:38 Siege Engineers
44:38 Onager
47:50 Blast Furnace
KDA HDT
7:40 Loom
10:29 Feudal Age
12:09 Double-Bit Axe
14:29 Fletching
21:48 Castle Age
22:04 Padded Archer Armor
21:55 Crossbowman
22:30 Bodkin Arrow
24:28 Ballistics
26:04 Leather Archer Armor
29:06 Bow Saw
30:22 Horse Collar
33:05 Medium Warships
43:27 Wheelbarrow
NaiLiu
8:44 Loom
11:06 Feudal Age
13:39 Fletching
20:16 Castle Age
19:26 Fishing Lines
19:33 Double-Bit Axe
19:48 Padded Archer Armor
20:21 Crossbowman
20:56 Bodkin Arrow
21:12 Bow Saw
20:58 Bodkin Arrow
22:35 Town Watch
23:52 Gillnets
24:53 Wheelbarrow
27:33 Ballistics
33:40 Imperial Age
31:54 Hand Cart
33:23 Gold Mining
33:15 Horse Collar
34:27 Bracer
35:30 Chemistry
34:59 Arbalester
37:14 Conscription
39:48 Heavy Plow
41:13 Leather Archer Armor
41:34 Gold Shaft Mining
41:30 Crop Rotation
44:23 Caravan
44:40 Careening
44:40 Clinker Construction
44:54 Ballistics
45:02 Clinker Construction
VNS_Alibaba_
7:21 Loom
10:53 Feudal Age
12:00 Double-Bit Axe
18:52 Forging
21:11 Castle Age
19:15 Gold Mining
20:13 Scale Barding Armor
21:18 Fishing Lines
23:04 Chain Barding Armor
24:11 Iron Casting
28:21 Wheelbarrow
28:27 Husbandry
28:51 Town Watch
31:36 Horse Collar
32:36 Stone Mining
33:21 Gold Shaft Mining
34:05 Medium Warships
34:23 Bow Saw
34:13 Heavy Plow
36:29 Fletching
37:23 Bodkin Arrow
39:05 Scale Mail Armor
39:06 Squires
38:26 Pikeman
39:23 Gambesons
40:15 Chain Mail Armor
44:24 Imperial Age
43:09 Padded Archer Armor
45:12 Ballistics
45:09 Bracer
47:34 Chemistry
DL-Empty
7:58 Loom
10:42 Feudal Age
15:01 Castle Age
13:43 Double-Bit Axe
13:40 Fishing Lines
15:53 Bow Saw
18:04 Fletching
18:58 Horse Collar
22:20 Wheelbarrow
22:15 Bodkin Arrow
23:50 Padded Archer Armor
27:16 Heavy Plow
28:21 Ballistics
28:29 Gold Mining
29:12 Hand Cart
35:50 Imperial Age
33:32 Stone Mining
34:17 Gold Shaft Mining
34:22 Leather Archer Armor
36:59 Bracer
38:02 Chemistry
36:52 Elite Guecha Warrior
39:10 Conscription
38:59 Thumb Ring
39:59 Coinage
40:01 Scale Mail Armor
40:11 Forging
40:05 Herbalism
39:56 Elite Temple Guard
40:37 Squires
41:17 Chain Mail Armor
43:44 Plate Mail Armor
43:49 Iron Casting
43:20 Champi Runner
Connection lost

Rejoining the realm…

Still unreachable

The connection could not be restored.

Session expired

The server has moved on; the page needs a fresh start.